 Dungeon Crawl Stone Soup version 0.18-a0-23-g19353e1 (webtiles) character file.

11 KINGKRU the Sneak (level 2, -1/15 HPs)
             Began as a Kobold Wanderer on Nov 2, 2015.
             Slain by a hobgoblin (2 damage)
             ... on level 1 of the Dungeon.
             The game lasted 00:05:21 (668 turns).

KINGKRU the Sneak (Kobold Wanderer)                  Turns: 668, Time: 00:05:21

Health: -1/15      AC:  2    Str: 11    XL:     2   Next: 40%
Magic:  1/5        EV: 14    Int: 10    God:
Gold:   11         SH:  0    Dex: 14    Spells: 2 memorised, 3 levels left

rFire  . . .     SeeInvis .     e - +0 dagger
rCold  . . .     Clarity  .     d - +0 robe
rNeg   . . .     SustAt   .     (shield restricted)
rPois  .         Gourm    .     (no helmet)
rElec  .         Spirit   .     (no cloak)
rCorr  .         Warding  .     (no gloves)
rMut   .         Stasis   .     (no boots)
MR     .....                    (no amulet)
Stlth  +++.......               (no ring)
                                (no ring)

@: very slightly contaminated, not resistant to hostile enchantments, fairly
stealthy
A: carnivore 3
a: no special abilities


You were on level 1 of the Dungeon.
You were not hungry.

You visited 1 branch of the dungeon, and saw 1 of its levels.

You collected 11 gold pieces.

Inventory:

Hand Weapons
 e - a +0 dagger (weapon)
Armour
 d - a +0 robe (worn)
Scrolls
 c - a scroll of teleportation
 h - a scroll of random uselessness {unknown}
 i - 3 scrolls of identify {unknown}
 k - a scroll of amnesia {unknown}
Potions
 g - a potion of resistance {unknown}
 j - a potion of heal wounds {unknown}
Books
 a - a book of Spatial Translocations

   Spells                             Type                      Level
   a - Apportation                    Translocation                1
   b - Blink                          Translocation                2
   c - Shroud of Golubria             Charms/Translocation         2
   d - Portal Projectile              Translocation                3
   e - Teleport Other                 Translocation                3
   f - Passage of Golubria            Translocation                4
 b - the Volume of the Glacier

   Spells                             Type                      Level
   a - Freeze                         Ice                          1
   b - Ensorcelled Hibernation        Hexes/Ice                    2
Comestibles
 f - 2 meat rations


   Skills:
 + Level 1.3 Dodging
 + Level 4.5 Stealth
 + Level 2.2 Spellcasting
 + Level 2.0 Translocations
 + Level 1.1 Ice Magic
   Level 1.2 Evocations


You had 3 spell levels left.
You knew the following spells:

 Your Spells              Type           Power        Failure   Level  Hunger
a - Apportation           Tloc           #.........   14%         1    ##.....
b - Freeze                Ice            #...         21%         1    ##.....


Dungeon Overview and Level Annotations

Branches:
Dungeon (1/15)

Altars:


Innate Abilities, Weirdness & Mutations

You are small and have problems with some larger weapons.
You are carnivorous and can eat meat at any time.


Message History

Casting: Freeze
Confirm with . or Enter, or press ? or * to list all spells.
Aiming: Freeze
Press: ? - help, Shift-Dir - straight line, f - jackal, p - kobold
Aim: a jackal You miscast Freeze.
You feel a strange surge of energy!
The jackal bites you but does no damage.
The jackal misses you. The hobgoblin completely misses you.
You hit the jackal but do no damage. The kobold closely misses you.
The jackal completely misses you. The jackal misses you.
The hobgoblin hits you.
You hit the jackal.
You kill the jackal!
The jackal bites you but does no damage.
The kobold hits you but does no damage. The hobgoblin hits you.
* * * LOW HITPOINT WARNING * * *
The jackal misses you. The kobold closely misses you.
The jackal bites you but does no damage.
The hobgoblin hits you.
You die...

#............##
#............#
#............#
#.##?..%.....#
# #.........#
#.##.†.......#
#..'.........#
####......)...#
#K@g.........
#..h........#
#...........#
#.........
#.........
#.........
#.........
#........#
##########


You could see a jackal, a hobgoblin and a kobold.

Vanquished Creatures
  3 giant cockroaches (D:1)
  3 goblins (D:1)
  A giant newt (D:1)
  A jackal (D:1)
  4 rats (D:1)
12 creatures vanquished.

Notes
Turn   | Place    | Note
--------------------------------------------------------------
     0 | D:1      | KINGKRU the Kobold Wanderer began the quest for the Orb.
     0 | D:1      | KINGKRU set off with: a book of Spatial Translocations, the Volume of the Glacier, a scroll of teleportation, a +0 robe, a +0 dagger, a meat ration
     0 | D:1      | Reached XP level 1. HP: 10/10 MP: 3/3
   102 | D:1      | Learned a level 1 spell: Apportation
   104 | D:1      | Learned a level 1 spell: Freeze
   362 | D:1      | Reached XP level 2. HP: 13/15 MP: 0/5
   668 | D:1      | Slain by a hobgoblin

Vault maps used:
D:1:      sevenhm_arrival_forest_fort_small_4

Action                   || total
-------------------------++-------
Melee: Dagger            ||    21
 Cast: Freeze            ||    15
